TOP OF THE 1ST |
Everett AquaSox batting - Pitching for Minnesota (NYP) Twins : RHP Dean Huch
|
Pitching: RHP Dean Huch
|
|
Batting: RHB Kikuo Sato
|
0-0: Ball 1-0: Ground out 5-3 (Groundball, 5, EV 82.5 MPH)
|
Batting: RHB Salvador Avina
|
0-0: Ground out 1-3 (Groundball, 13S, EV 62.5 MPH)
|
Batting: RHB John Peterson
|
0-0: Ball 1-0: Ground out 5-3 (Groundball, 5L, EV 79.4 MPH)
|
Top of the 1st over - 0 runs, 0 hits, 0 errors, 0 left on base; Everett 0 - Minnesota (NYP) 0 |
BOTTOM OF THE 1ST |
Minnesota (NYP) Twins batting - Pitching for Everett AquaSox : RHP Jose Albarran
|
Pitching: RHP Jose Albarran
|
|
Batting: LHB Chris Munguia
|
0-0: Ball 1-0: Called Strike 1-1: Fly out, F5 (Flyball, 56D, EV 93.8 MPH)
|
Batting: RHB Michael McDonald
|
0-0: Ball 1-0: Foul Ball, location: 2F 1-1: Ground out U3 (Groundball, 3S, EV 69.4 MPH)
|
Batting: RHB Jose Nunez
|
0-0: Ball 1-0: Foul Ball, location: 2F 1-1: Ball 2-1: Ball 3-1: Base on Balls
|
Batting: RHB Sean Gould
|
0-0: Fly out, F8 (Flyball, 8RXD, EV 94.4 MPH)
|
Bottom of the 1st over - 0 runs, 0 hits, 0 errors, 1 left on base; Everett 0 - Minnesota (NYP) 0 |
TOP OF THE 2ND |
Everett AquaSox batting - Pitching for Minnesota (NYP) Twins : RHP Dean Huch
|
Batting: LHB Jawad Fahad
|
0-0: SINGLE (Groundball, 4MD, EV 105.6 MPH)
|
Batting: RHB Hideo Okimura
|
0-0: Called Strike 0-1: Ball 1-1: Fly out, F7 (Flyball, 78S, EV 88.8 MPH)
|
Batting: LHB Kenny Gerrity
|
0-0: Ball 1-0: Ground out 6-3 (Groundball, 6, EV 101.9 MPH) Jawad Fahad to second
|
Batting: SHB Raghnall Ahearne
|
0-0: Ball 1-0: Ball 2-0: Called Strike 2-1: Foul Ball, location: 2F 2-2: Strikes out swinging
|
Top of the 2nd over - 0 runs, 1 hit, 0 errors, 1 left on base; Everett 0 - Minnesota (NYP) 0 |
BOTTOM OF THE 2ND |
Minnesota (NYP) Twins batting - Pitching for Everett AquaSox : RHP Jose Albarran
|
Batting: RHB David Nardone
|
0-0: SINGLE (Line Drive, 6MD, EV 97.5 MPH)
|
Batting: LHB Seung-jun Chang
|
0-0: Ball 1-0: Foul Ball, location: 2F 1-1: Ball 2-1: Fielders Choice at 2nd, 4-6 (Groundball, 4, EV 86.9 MPH)
|
Batting: RHB Tony Crespo
|
0-0: Called Strike Seung-jun Chang steals 2nd base 0-1: Swinging Strike 0-2: Ball 1-2: Foul Ball, location: 2F 1-2: Ball 2-2: Strikes out swinging
|
Batting: RHB Kelly Watson
|
0-0: Foul Ball, location: 2F 0-1: Foul Ball, location: 2F 0-2: Ball 1-2: Ground out 6-3 (Groundball, 6, EV 90.6 MPH)
|
Bottom of the 2nd over - 0 runs, 1 hit, 0 errors, 1 left on base; Everett 0 - Minnesota (NYP) 0 |
TOP OF THE 3RD |
Everett AquaSox batting - Pitching for Minnesota (NYP) Twins : RHP Dean Huch
|
Batting: RHB Clay Statum
|
0-0: Ball 1-0: Ball 2-0: Fly out, F3 (Popup, 3SF, EV 85.0 MPH)
|
Batting: LHB Leão Alvide
|
0-0: SINGLE (Groundball, 4D, EV 99.4 MPH)
|
Batting: RHB Kikuo Sato
|
0-0: Ball 1-0: Called Strike 1-1: Ball 2-1: Ball 3-1: Fielders Choice at 2nd, 4-6 (Groundball, 4S, EV 83.1 MPH)
|
Batting: RHB Salvador Avina
|
0-0: Called Strike 0-1: Called Strike 0-2: Ball 1-2: Foul Ball, location: 2F 1-2: Ground out U3 (Groundball, 13, EV 83.1 MPH)
|
Top of the 3rd over - 0 runs, 1 hit, 0 errors, 1 left on base; Everett 0 - Minnesota (NYP) 0 |
BOTTOM OF THE 3RD |
Minnesota (NYP) Twins batting - Pitching for Everett AquaSox : RHP Jose Albarran
|
Batting: RHB Manuel Juarez
|
0-0: Swinging Strike 0-1: Ball 1-1: Swinging Strike 1-2: Ball 2-2: Strikes out swinging
|
Batting: LHB Chris Munguia
|
0-0: Ball 1-0: Swinging Strike 1-1: Ball 2-1: Ball 3-1: Ground out 6-3 (Groundball, 6, EV 98.8 MPH)
|
Batting: RHB Michael McDonald
|
0-0: Ball 1-0: Ball 2-0: Called Strike 2-1: Swinging Strike 2-2: Fly out, F7 (Flyball, 7, EV 83.8 MPH)
|
Bottom of the 3rd over - 0 runs, 0 hits, 0 errors, 0 left on base; Everett 0 - Minnesota (NYP) 0 |
TOP OF THE 4TH |
Everett AquaSox batting - Pitching for Minnesota (NYP) Twins : RHP Dean Huch
|
Batting: RHB John Peterson
|
0-0: Foul Ball, location: 2F 0-1: Foul Ball, location: 2F 0-2: Fly out, F5 (Popup, 15, EV 81.9 MPH)
|
Batting: LHB Jawad Fahad
|
0-0: Ball 1-0: Ball 2-0: Ball 3-0: Base on Balls
|
Batting: RHB Hideo Okimura
|
0-0: Swinging Strike 0-1: Swinging Strike 0-2: Foul Ball, location: 2F 0-2: Ground out 5-3 (Groundball, 56S, EV 65.6 MPH) Jawad Fahad to second
|
Batting: LHB Kenny Gerrity
|
0-0: Called Strike 0-1: Ball 1-1: SINGLE (Groundball, 13S, EV 76.3 MPH) (infield hit) Jawad Fahad to third
|
Batting: SHB Raghnall Ahearne
|
Pickoff Throw to First - Out! 1-3
|
Top of the 4th over - 0 runs, 1 hit, 0 errors, 1 left on base; Everett 0 - Minnesota (NYP) 0 |
BOTTOM OF THE 4TH |
Minnesota (NYP) Twins batting - Pitching for Everett AquaSox : RHP Jose Albarran
|
Batting: RHB Jose Nunez
|
0-0: Called Strike 0-1: Ball 1-1: Swinging Strike 1-2: DOUBLE (Flyball, 7LD, EV 106.9 MPH)
|
Batting: RHB Sean Gould
|
0-0: Called Strike 0-1: Swinging Strike 0-2: Foul Ball, location: 2F 0-2: Foul Ball, location: 2F 0-2: Ball 1-2: Ball 2-2: Fly out, F8 (Flyball, 78D, EV 102.5 MPH)
|
Batting: RHB David Nardone
|
0-0: Ball 1-0: Ball 2-0: Ball Wild Pitch! Jose Nunez to third 3-0: Base on Balls
|
Batting: LHB Seung-jun Chang
|
0-0: Ball David Nardone is caught stealing 2nd base 2-6 1-0: Called Strike 1-1: Ball 2-1: Ground out U3 (Groundball, 3L, EV 82.5 MPH)
|
Bottom of the 4th over - 0 runs, 1 hit, 0 errors, 1 left on base; Everett 0 - Minnesota (NYP) 0 |
TOP OF THE 5TH |
Everett AquaSox batting - Pitching for Minnesota (NYP) Twins : RHP Dean Huch
|
Batting: SHB Raghnall Ahearne
|
0-0: Ball 1-0: Ball 2-0: Ball 3-0: Base on Balls
|
Batting: RHB Clay Statum
|
0-0: Ball 1-0: Ball 2-0: Ball 3-0: Called Strike 3-1: DOUBLE (Flyball, 89D, EV 94.4 MPH) Raghnall Ahearne to third Runner from 3rd tries for Home, SAFE, throw by RF to home
|
Batting: LHB Leão Alvide
|
0-0: Ball 1-0: Swinging Strike 1-1: Foul Ball, location: 2F 1-2: Ground out U3 (Groundball, 34, EV 86.3 MPH) Clay Statum to third
|
Batting: RHB Kikuo Sato
|
0-0: Ball 1-0: Swinging Strike 1-1: Ball 2-1: Foul Ball, location: 2F 2-2: Ground out 3-1 (Groundball, 13, EV 87.5 MPH) Clay Statum scores
|
Batting: RHB Salvador Avina
|
0-0: Called Strike 0-1: Foul Ball, location: 2F 0-2: Ball 1-2: Ground out 5-3 (Groundball, 56, EV 80.6 MPH)
|
Top of the 5th over - 2 runs, 1 hit, 0 errors, 0 left on base; Everett 2 - Minnesota (NYP) 0 |
BOTTOM OF THE 5TH |
Minnesota (NYP) Twins batting - Pitching for Everett AquaSox : RHP Jose Albarran
|
Batting: RHB Tony Crespo
|
0-0: Called Strike 0-1: Called Strike 0-2: Foul Ball, location: 2F 0-2: Ball 1-2: Ground out 4-3 (Groundball, 4D, EV 88.1 MPH)
|
Batting: RHB Kelly Watson
|
0-0: Ball 1-0: SINGLE (Groundball, 25, EV 70.0 MPH) (infield hit)
|
Batting: RHB Manuel Juarez
|
0-0: Ball 1-0: Ball Wild Pitch! Kelly Watson to second 2-0: Called Strike 2-1: Called Strike 2-2: Foul Ball, location: 2F 2-2: Strikes out looking
|
Batting: LHB Chris Munguia
|
0-0: Swinging Strike 0-1: Foul Ball, location: 2F 0-2: Strikes out looking
|
Bottom of the 5th over - 0 runs, 1 hit, 0 errors, 1 left on base; Everett 2 - Minnesota (NYP) 0 |
TOP OF THE 6TH |
Everett AquaSox batting - Pitching for Minnesota (NYP) Twins : RHP Dean Huch
|
Batting: RHB John Peterson
|
0-0: Ground out 6-3 (Groundball, 6, EV 96.9 MPH)
|
Batting: LHB Jawad Fahad
|
0-0: Ball 1-0: Called Strike 1-1: Fly out, F8 (Flyball, 78M, EV 92.5 MPH)
|
Batting: RHB Hideo Okimura
|
0-0: Swinging Strike 0-1: Swinging Strike 0-2: Strikes out looking
|
Top of the 6th over - 0 runs, 0 hits, 0 errors, 0 left on base; Everett 2 - Minnesota (NYP) 0 |
BOTTOM OF THE 6TH |
Minnesota (NYP) Twins batting - Pitching for Everett AquaSox : RHP Jose Albarran
|
Pitching: LHP Mike Stewart
|
|
Batting: RHB Michael McDonald
|
0-0: Ball 1-0: SINGLE (Groundball, 4D, EV 110.0 MPH)
|
Batting: RHB Jose Nunez
|
0-0: Ball 1-0: Called Strike 1-1: Ground out 5-3 (Groundball, 56, EV 100.0 MPH) Michael McDonald to second
|
Batting: RHB Sean Gould
|
0-0: Foul Ball, location: 2F 0-1: Ball 1-1: Foul Ball, location: 2F 1-2: Ball 2-2: Ball 3-2: Foul Ball, location: 2F 3-2: SINGLE (Line Drive, 9LS, EV 113.8 MPH) Michael McDonald to third
|
Batting: RHB David Nardone
|
0-0: Foul Ball, location: 2F 0-1: Called Strike 0-2: Ball 1-2: Strikes out swinging
|
Batting: LHB Seung-jun Chang
|
0-0: Ball 1-0: Swinging Strike 1-1: Swinging Strike 1-2: Foul Ball, location: 2F 1-2: Ball 2-2: Ball 3-2: Base on Balls Sean Gould to second
|
Batting: RHB Tony Crespo
|
0-0: Called Strike 0-1: Ball 1-1: Swinging Strike 1-2: Ball 2-2: Foul Ball, location: 2F 2-2: Strikes out swinging
|
Bottom of the 6th over - 0 runs, 2 hits, 0 errors, 3 left on base; Everett 2 - Minnesota (NYP) 0 |
TOP OF THE 7TH |
Everett AquaSox batting - Pitching for Minnesota (NYP) Twins : RHP Dean Huch
|
Batting: LHB Kenny Gerrity
|
0-0: Ball 1-0: Called Strike 1-1: Foul Ball, location: 2F 1-2: Fly out, F5 (Popup, 5L, EV 71.3 MPH)
|
Pitching: RHP Matt Lundy
|
|
Batting: SHB Raghnall Ahearne
|
0-0: Swinging Strike 0-1: Ball 1-1: Swinging Strike 1-2: Ball 2-2: Strikes out swinging
|
Batting: RHB Clay Statum
|
0-0: Ball 1-0: Foul Ball, location: 2F 1-1: Called Strike 1-2: Ball 2-2: Strikes out looking
|
Top of the 7th over - 0 runs, 0 hits, 0 errors, 0 left on base; Everett 2 - Minnesota (NYP) 0 |
BOTTOM OF THE 7TH |
Minnesota (NYP) Twins batting - Pitching for Everett AquaSox : LHP Mike Stewart
|
Pitching: RHP David Sawyer
|
|
Batting: RHB Kelly Watson
|
0-0: Called Strike 0-1: DOUBLE (Line Drive, 78D, EV 100.0 MPH)
|
Batting: RHB Manuel Juarez
|
0-0: Ball 1-0: Called Strike 1-1: Foul Ball, location: 2F 1-2: Ball 2-2: Ball 3-2: Base on Balls
|
Batting: LHB Chris Munguia
|
0-0: Called Strike 0-1: Ball 1-1: Ball 2-1: Called Strike 2-2: Foul Ball, location: 2F 2-2: Ball 3-2: Base on Balls Kelly Watson to third Manuel Juarez to second
|
Batting: RHB Michael McDonald
|
0-0: Ball 1-0: Called Strike 1-1: Called Strike 1-2: Ball 2-2: Foul Ball, location: 2F 2-2: Grounds into fielders choice 5-2 (Groundball, 5S, EV 86.9 MPH) Manuel Juarez to third Chris Munguia to second
|
Pitching: RHP Stewart Wilson
|
|
Batting: RHB Jose Nunez
|
0-0: Called Strike 0-1: DOUBLE (Line Drive, 78XD, EV 113.1 MPH) Manuel Juarez scores Chris Munguia scores Michael McDonald to third
|
Batting: RHB Sean Gould
|
0-0: Ball 1-0: Called Strike 1-1: Ball 2-1: Ball 3-1: Swinging Strike 3-2: Ground out 5-3 (Groundball, 56, EV 90.6 MPH)
|
Batting: RHB David Nardone
|
0-0: Ball 1-0: Ground out 6-3 (Groundball, 6, EV 85.6 MPH)
|
Bottom of the 7th over - 2 runs, 2 hits, 0 errors, 2 left on base; Everett 2 - Minnesota (NYP) 2 |
TOP OF THE 8TH |
Everett AquaSox batting - Pitching for Minnesota (NYP) Twins : RHP Matt Lundy
|
Batting: LHB Leão Alvide
|
0-0: Foul Ball, location: 2F 0-1: SOLO HOME RUN (Flyball, 9D, EV 103.1 MPH), Distance : 384 ft
|
Batting: RHB Kikuo Sato
|
0-0: Swinging Strike 0-1: Swinging Strike 0-2: Ball 1-2: Foul Ball, location: 2F 1-2: Fly out, F5 (Popup, 15, EV 88.8 MPH)
|
Batting: RHB Salvador Avina
|
0-0: Ball 1-0: SINGLE (Groundball, 34D, EV 101.9 MPH)
|
Batting: RHB John Peterson
|
0-0: Ball 1-0: Called Strike 1-1: Swinging Strike 1-2: Ball 2-2: SINGLE (Groundball, 56D, EV 96.9 MPH) Salvador Avina to second
|
Pinch Runner at 2nd Josh Mauer:
|
|
Batting: LHB Jawad Fahad
|
0-0: Ball 1-0: Fielders Choice at 2nd, 4-6 (Groundball, 4, EV 83.8 MPH) Josh Mauer to third
|
Batting: RHB Hideo Okimura
|
0-0: Fielders Choice at 2nd, 6-4 (Groundball, 56, EV 110.6 MPH)
|
Top of the 8th over - 1 run, 3 hits, 0 errors, 2 left on base; Everett 3 - Minnesota (NYP) 2 |
BOTTOM OF THE 8TH |
Minnesota (NYP) Twins batting - Pitching for Everett AquaSox : RHP Stewart Wilson
|
Now at 3B: Ryan Clark
|
|
Batting: LHB Seung-jun Chang
|
0-0: Ball 1-0: Fly out, F8 (Line Drive, 8RM, EV 95.6 MPH)
|
Batting: RHB Tony Crespo
|
0-0: SINGLE (Line Drive, 4D, EV 97.5 MPH)
|
Pitching: RHP Jason Childress
|
|
Batting: RHB Kelly Watson
|
0-0: Fielders Choice at 2nd, 4-6 (Groundball, 4, EV 91.9 MPH)
|
Batting: RHB Manuel Juarez
|
0-0: Ball 1-0: Called Strike 1-1: Foul Ball, location: 2F 1-2: Strikes out swinging
|
Bottom of the 8th over - 0 runs, 1 hit, 0 errors, 1 left on base; Everett 3 - Minnesota (NYP) 2 |
TOP OF THE 9TH |
Everett AquaSox batting - Pitching for Minnesota (NYP) Twins : RHP Matt Lundy
|
Batting: LHB Kenny Gerrity
|
0-0: Ball 1-0: DOUBLE (Flyball, 78D, EV 98.8 MPH)
|
Batting: SHB Raghnall Ahearne
|
0-0: Foul Ball, location: 2F 0-1: Foul Ball, location: 2F 0-2: Strikes out looking
|
Batting: RHB Clay Statum
|
0-0: Ball 1-0: Ball 2-0: Ball 3-0: Base on Balls
|
Batting: LHB Leão Alvide
|
0-0: Ball 1-0: Called Strike 1-1: Swinging Strike 1-2: Ball 2-2: Foul Ball, location: 2F 2-2: Strikes out swinging
|
Batting: RHB Kikuo Sato
|
0-0: Called Strike 0-1: Ball 1-1: Ball 2-1: Ball 3-1: Base on Balls Kenny Gerrity to third Clay Statum to second
|
Batting: SHB Ryan Clark
|
0-0: Ball 1-0: Fly out, F8 (Flyball, 8RS, EV 91.3 MPH)
|
Top of the 9th over - 0 runs, 1 hit, 0 errors, 3 left on base; Everett 3 - Minnesota (NYP) 2 |
BOTTOM OF THE 9TH |
Minnesota (NYP) Twins batting - Pitching for Everett AquaSox : RHP Jason Childress
|
Pitching: RHP Yat-sen Zhen
|
|
Now at 1B: David Walker
|
|
Batting: LHB Chris Munguia
|
0-0: Called Strike 0-1: Ball 1-1: Foul Ball, location: 2F 1-2: Ball 2-2: Strikes out looking
|
Batting: RHB Michael McDonald
|
0-0: Ball 1-0: Foul Ball, location: 2F 1-1: Ball 2-1: Swinging Strike 2-2: SINGLE (Groundball, 34D, EV 95.0 MPH)
|
Batting: RHB Jose Nunez
|
0-0: Swinging Strike 0-1: Foul Ball, location: 2F 0-2: Strikes out swinging
|
Batting: RHB Sean Gould
|
0-0: Ground out 4-3 (Groundball, 34, EV 105.6 MPH)
|
Bottom of the 9th over - 0 runs, 1 hit, 0 errors, 1 left on base; Everett 3 - Minnesota (NYP) 2 |
|